 Dungeon Crawl Stone Soup version 0.19.1 (webtiles) character file.

214065 Nakatomy the Crack Shot (level 17, -12/181 HPs)
             Began as a Centaur Hunter on Dec 26, 2016.
             Was the Champion of Trog.
             Splashed with acid (15 damage)
             ... on level 1 of the Pits of Slime on Dec 27, 2016.
             The game lasted 03:11:51 (46113 turns).

Nakatomy the Crack Shot (Centaur Hunter)           Turns: 46113, Time: 03:11:52

Health: -12/181    AC: 17    Str: 17    XL:     17   Next: 83%
Magic:  17/17      EV: 10    Int: 15    God:    Trog [******]
Gold:   695        SH:  0    Dex: 24    Spells: 0 memorised, 16 levels left

rFire  . . .     SeeInvis +     a - +11 spear "Uschouque" {pierce, rPois Dex+3}
rCold  + . .     Gourm    .     S - +4 steam dragon scales "Eqagug" {Dex+4 SInv Stlth+}
rNeg   . . .     Faith    .     (no shield)
rPois  +         Spirit   .     w - +2 hat
rElec  +         Reflect  .     P - +0 cloak "Caluhesosi" {rF+}
rCorr  .         Harm     .     H - +0 pair of gloves "Wah Kuarui" {*Drain MR+ Regen+ Str+2}
MR     ++...                    (no barding)
Stlth  ++........               L - amulet of Vitality {Regen+ HP+15}
                                y - ring of Hoathiom {rElec Int+5}
                                G - ring of ice

@: confused, very quick
A: hooves 3, deformed body, speed 2, tough skin 3
a: Berserk, Trog's Hand, Brothers in Arms, Burn Spellbooks, Renounce Religion
}: 2/15 runes: decaying, serpentine


You were on level 1 of the Pits of Slime.
You worshipped Trog.
Trog was exalted by your worship.
You were not hungry.

You visited 7 branches of the dungeon, and saw 33 of its levels.
You also visited: Ice Cave.

You collected 3248 gold pieces.
You spent 2553 gold pieces at shops.

Inventory:

Hand Weapons
 a - the +11 spear "Uschouque" (weapon) {pierce, rPois Dex+3}
   (You found it in an ice cave)

   It inflicts extra damage upon your enemies.
   It affects your dexterity (+3).
   It protects you from poison.
 b - a +7 longbow of freezing
 B - a +1 longbow of velocity
 T - the +5 shortbow of Wyrd {venom, MR+ MP-9 Dex+3}
   (You found it in an ice cave)

   It poisons the ammo it fires.
   It affects your dexterity (+3).
   It affects your resistance to hostile enchantments.
   It affects your magic capacity (-9).
Missiles
 d - 524 arrows
Armour
 k - the +8 plate armour of Sigud {Dex+4}
   (You found it on level 7 of the Dungeon)

   It affects your dexterity (+4).
 w - a +2 hat (worn)
 H - the +0 pair of gloves "Wah Kuarui" (worn) {*Drain MR+ Regen+ Str+2}
   (You found it on level 12 of the Dungeon)

   It affects your strength (+2).
   It affects your resistance to hostile enchantments.
   It increases your rate of regeneration.
   It causes draining when unequipped.
 P - the +0 cloak "Caluhesosi" (worn) {rF+}
   (You found it on level 4 of the Swamp)

   It protects you from fire.
 S - the +4 steam dragon scales "Eqagug" (worn) {Dex+4 SInv Stlth+}
   (You bought it in a shop on level 9 of the Dungeon)

   It affects your dexterity (+4).
   It lets you see invisible.
   It makes you more stealthy.
Jewellery
 u - an uncursed ring of resist corrosion
 y - the ring of Hoathiom (right hand) {rElec Int+5}
   (You bought it in a shop on level 2 of the Snake Pit)

   [ring of intelligence]

   It affects your intelligence (+5).
   It insulates you from electricity.
 D - an uncursed ring of fire
 G - a ring of ice (left hand)
 L - the amulet of Vitality (around neck) {Regen+ HP+15}
   (You found it on level 6 of the Lair of Beasts)

   [amulet of regeneration]

   It affects your health (+15).
   It increases your rate of regeneration.
 U - a ring of the Octopus King {Wiz AC+1 EV+1 Str+1 Int+1 Dex+1}
   (You found it on level 1 of the Lair of Beasts)

   [ring of wizardry]

   It improves your spell success rate.
   It affects your AC (+1).
   It affects your evasion (+1).
   It affects your strength (+1).
   It affects your intelligence (+1).
   It affects your dexterity (+1).
 V - an uncursed ring of protection from magic
Wands
 j - a wand of iceblast (6/15)
 o - a wand of digging (3/24)
 p - a wand of iceblast (8/15)
 v - a wand of digging (5/24)
 x - a wand of confusion (23/48)
 A - a wand of iceblast (4/15)
 M - a wand of teleportation (5/9)
 N - a wand of acid (5/15)
 Q - a wand of lightning (12/15)
 R - a wand of iceblast (8/15)
 X - a wand of digging (13/24)
Scrolls
 c - 2 scrolls of fog
 n - 7 scrolls of enchant armour
 q - 24 scrolls of remove curse
 r - 6 scrolls of recharging
 t - 6 scrolls of teleportation
 z - 6 scrolls of identify
 I - 5 scrolls of blinking
 Z - 2 scrolls of fear
Potions
 e - 11 potions of curing
 g - 4 potions of magic
 i - 4 potions of heal wounds
 l - 9 potions of brilliance
 m - 4 potions of flight
 s - 2 potions of lignification
 C - 5 potions of berserk rage
 E - a potion of ambrosia
 F - 4 potions of cancellation
 J - a potion of haste
 K - 2 potions of agility
 O - 3 potions of might
 W - a potion of invisibility
Comestibles
 f - 14 bread rations
 h - 5 meat rations


   Skills:
 + Level 18.7 Fighting
 - Level 11.4 Polearms
 - Level 21.0 Bows
 + Level 12.3 Armour
 - Level 1.3 Dodging
 - Level 0.4 Stealth


You had 16 spell levels left.
You didn't know any spells.

Dungeon Overview and Level Annotations

Branches:
Dungeon (15/15)            Temple (1/1) D:4            Lair (6/6) D:10
  Swamp (4/4) Lair:3        Snake (4/4) Lair:4        Slime (1/5) Lair:6
    Orc (2/2) D:10            Elf (0/3) Orc:2        Vaults (0/5) D:13
 Depths (0/5) D:15

Altars:
Ashenzari
Cheibriados
Dithmenos
Elyvilon
Fedhas
Gozag
Hepliaklqana
Kikubaaqudgha
Makhleb
Nemelex Xobeh
Okawaru
Qazlal
Ru
Sif Muna
Trog
Uskayaw
Vehumet
Xom
Yredelemnul
Zin
The Shining One
Jiyva

Shops:
D:5 [   D:6 [?   D:9 [   Orc:2 %(([   Snake:2 =}=

Annotations:
D:6 1 runed door
D:8 exclusion: 2 downstairs
D:9 exclusion: 2 downstairs
D:10 awk's ghost, journeyman DsWz
D:14 exclusion: downstairs
D:15 exclusion: Roxanne, Roxanne
Lair:1 exclusion: 2 downstairs
Swamp:2 exclusion: downstairs
Orc:1 exclusion: downstairs


Innate Abilities, Weirdness & Mutations

You have hooves in place of feet.
Armour fits poorly on your strangely shaped body.
You cover ground very quickly.
You have extremely tough skin. (AC +3)


Message History

Okay, then.
Unknown command.
Press: ? - help, v - describe, . - travel The floor, spattered with blood.
Unknown command.
There are monsters nearby!
Evoke which item? (* to show all) (? for menu, Esc to quit)
Okay, then.
Unknown command.
Unknown command.
Okay, then.
Unknown command.
You're too confused!
Unknown command.
Unknown command.
Unknown command.
Okay, then.
Unknown command.
You are splashed with acid!
The walls burn you!
You die...

.........#####
.............###
...............##
..###....§......##
.## ######.......###
## ######........##
### ##...###...JJ...#
≈≈≈≈#.....##...J....#
≈≈≈..(.<..#....#@...#
≈≈≈((..........##...#
≈≈(##.........###...#
≈ ####.....## ....#
####### .....#
.....## ......#
........


You could see a large slime creature and 2 slime creatures.

Vanquished Creatures
  3 thorn hunters (Swamp:3)
  8 nagarajas (Snake:4)
  The ghost of Zeloya the Martial Artist, an adept KoTm of Cheibriados (Swamp:1)
  Louise (D:14)
  Aizul (Snake:1)
  A very ugly thing (Swamp:2)
  An ettin (Orc:2)
  19 hydras
  Harold (Orc:1)
  10 naga warriors
  3 ghost crabs
  2 centaur warriors
  9 alligators
  6 anacondas
  2 dancing weapons
  2 tengu warriors (D:14)
  8 death yaks
  A catoblepas (D:13)
  Urug (D:12)
  4 naga sharpshooters
  3 shock serpents
  3 orc high priests (Orc:2)
  24 slime creatures
  A salamander mystic (Snake:3)
  5 skeletal warriors (D:13)
  4 naga ritualists
  2 unseen horrors
  5 shambling mangroves
  5 spriggan druids
  13 swamp dragons
  Pikel (D:6)
  4 orc knights (Orc:2)
  9 mana vipers
  5 hill giants
  An oklob plant (Lair:1)
  4 orc sorcerers (Orc:2)
  5 manticores
  9 ugly things
  A deep elf mage (D:15)
  7 salamanders
  9 elephants
  6 cyclopes
  25 black mambas
  3 ice statues (IceCv)
  Joseph (D:8)
  11 spiny frogs
  12 naga magi
  2 gargoyles
  A rime drake (Lair:6)
  4 kobold demonologists
  A freezing wraith (D:14)
  An efreet (D:14)
  7 komodo dragons
  4 trolls
  7 polar bears
  3 two-headed ogres
  29 hornets
  13 blink frogs
  11 hippogriffs
  5 bog bodies
  5 tyrant leeches
  A redback (Lair:6)
  25 spriggans
  2 wraiths (D:14)
  13 yaks
  A basilisk (Lair:6)
  A water elemental (D:15)
  3 shadows
  5 golden eyes (Slime:1)
  A steam dragon (D:15)
  3 hungry ghosts
  Menkaure (D:7)
  3 soldier ants
  48 nagas
  22 insubstantial wisps
  19 vampire mosquitoes
  19 swamp worms
  2 wargs
  13 water moccasins
  6 porcupines
  Duvessa (D:5)
  19 orc warriors
  2 slaves (D:6)
  9 ice beasts
  3 sky beasts
  14 swamp drakes
  6 black bears
  A necrophage (D:12)
  2 phantoms
  25 centaurs
  27 wolves
  2 boggarts (Lair:6)
  12 ogres
  6 crocodiles
  6 big kobolds
  16 bullfrogs
  Dowan (D:5)
  2 wyvern zombies
  12 killer bees
  4 scorpions
  11 wights
  A howler monkey (D:4)
  3 electric eels
  A lava snake (D:15)
  6 crimson imps
  8 hounds
  2 centaur zombies
  2 bullfrog skeletons
  3 jellies
  10 orc priests
  21 orc wizards
  Jessica (D:5)
  7 centaur skeletons
  5 iguanas
  6 hell rats (Lair:4)
  13 worker ants
  A centaur simulacrum (D:9)
  A hound zombie (D:7)
  A killer bee simulacrum (D:9)
  8 gnolls
  A howler monkey skeleton (D:4)
  10 adders
  5 shadow imps
  2 white imps (D:9)
  An ufetubus (D:8)
  An ooze (D:3)
  An adder zombie (D:7)
  An adder skeleton (D:7)
  A worm (D:4)
  5 dart slugs
  6 leopard geckos
  38 orcs
  11 bats
  5 giant cockroaches
  19 goblins
  9 hobgoblins
  5 jackals
  7 quokkas
  3 frilled lizards
  2 jackal skeletons
  18 kobolds
  A rat (D:3)
  A fungus (Lair:4)
977 creatures vanquished.

Vanquished Creatures (collateral kills)
  A gargoyle (D:11)
  A hungry ghost (D:11)
2 creatures vanquished.

Vanquished Creatures (others)
  11 fungi
  10 plants
21 creatures vanquished.

Grand Total: 1000 creatures vanquished

Notes
Turn   | Place    | Note
-------+----------+-------------------------------------------
     0 | D:1      | Nakatomy the Centaur Hunter began the quest for the Orb.
     0 | D:1      | Reached XP level 1. HP: 17/17 MP: 1/1
   317 | D:1      | Reached XP level 2. HP: 16/24 MP: 2/2
   318 | D:1      | Reached skill level 6 in Bows
   795 | D:1      | Reached XP level 3. HP: 28/29 MP: 3/3
  1296 | D:2      | Reached skill level 7 in Bows
  1817 | D:2      | Reached XP level 4. HP: 36/36 MP: 4/4
  1897 | D:2      | Reached skill level 8 in Bows
  2832 | D:3      | Found a stormy altar of Qazlal.
  2834 | D:3      | Noticed a water elemental
  2835 | D:3      | Noticed a fire elemental
  2835 | D:3      | Noticed an air elemental
  2835 | D:3      | Noticed an earth elemental
  3178 | D:3      | Reached XP level 5. HP: 40/42 MP: 5/5
  3864 | D:4      | HP: 1/42 [orc priest/nerve-wracking pain (11)]
  3895 | D:4      | Found a staircase to the Ecumenical Temple.
  3901 | Temple   | Entered the Ecumenical Temple
  4483 | Temple   | Became a worshipper of Trog the Wrathful
  4777 | D:4      | Reached XP level 6. HP: 51/51 MP: 6/6
  4796 | D:4      | Reached skill level 9 in Bows
  5175 | D:5      | Entered Level 5 of the Dungeon
  5981 | D:5      | Noticed Duvessa
  5982 | D:5      | Noticed Dowan
  6052 | D:5      | Killed Duvessa
  6052 | D:5      | Reached XP level 7. HP: 57/60 MP: 7/7
  6066 | D:5      | Killed Dowan
  6326 | D:5      | Found Zumaenk's Antique Armour Shop.
  6442 | D:5      | Noticed Jessica
  6445 | D:5      | Killed Jessica
  6445 | D:5      | Reached skill level 5 in Fighting
  6456 | D:5      | Found a deep blue altar of Sif Muna.
  6663 | D:6      | Reached skill level 10 in Bows
  6745 | D:6      | Found Ciesug's Antique Armour Emporium.
  6849 | D:6      | Found Ikimaejy's Magic Scroll Emporium.
  6857 | D:6      | Bought a scroll of enchant weapon for 90 gold pieces
  7045 | D:6      | Reached * piety under Trog
  7184 | D:6      | Noticed Pikel
  7384 | D:6      | Killed Pikel
  7384 | D:6      | Reached skill level 11 in Bows
  7384 | D:6      | Reached XP level 8. HP: 56/71 MP: 8/8
  7614 | D:6      | Found a runed door.
  8136 | D:7      | Noticed Menkaure
  8158 | D:7      | Killed Menkaure
  8565 | D:7      | Got a brightly glowing plate armour
  8576 | D:7      | Identified the +8 plate armour of Sigud {Dex+4} (You found it on level 7 of the Dungeon)
  8699 | D:7      | Reached skill level 12 in Bows
  8772 | D:7      | Noticed a hippogriff
  8807 | D:7      | Killed a hippogriff
  8807 | D:7      | Reached XP level 9. HP: 64/81 MP: 9/9
  9545 | D:7      | Reached skill level 13 in Bows
  9856 | D:8      | Reached ** piety under Trog
 10210 | D:8      | Noticed Joseph
 10715 | D:9      | Noticed a death yak
 10916 | D:9      | Found a shadowy altar of Dithmenos.
 10938 | D:9      | Noticed a polar bear
 11056 | D:8      | Killed a polar bear
 11589 | D:8      | Killed Joseph
 11589 | D:8      | Reached skill level 10 in Fighting
 11589 | D:8      | Reached skill level 14 in Bows
 11589 | D:8      | Reached XP level 10. HP: 61/93 MP: 10/10
 11989 | D:8      | Killed a death yak
 12266 | D:9      | Found Juyxorr's Antique Armour Boutique.
 12702 | D:10     | Entered Level 10 of the Dungeon
 12705 | D:10     | Noticed a hill giant
 12819 | D:9      | Paralysed by a hornet for 3 turns
 12942 | D:9      | Killed a hill giant
 13723 | D:10     | Reached *** piety under Trog
 13822 | D:10     | Found a staircase to the Lair.
 13901 | D:10     | Received a gift from Trog
 13905 | D:10     | Reached XP level 11. HP: 90/107 MP: 11/11
 14095 | D:10     | Found a staircase to the Orcish Mines.
 14108 | D:10     | Noticed awk's ghost (journeyman DsWz)
 14389 | D:10     | Noticed a hill giant
 14422 | D:10     | Killed a hill giant
 14564 | D:10     | Killed an unseen horror
 14972 | D:11     | Found a frozen archway.
 15130 | IceCv    | Entered an ice cave
 15320 | IceCv    | Noticed a white ugly thing
 15333 | IceCv    | Killed a white ugly thing
 16587 | IceCv    | Noticed a white ugly thing
 16612 | IceCv    | Killed a white ugly thing
 16709 | IceCv    | Got an encrusted shortbow
 16726 | IceCv    | Got an encrusted spear
 16727 | IceCv    | Identified the +11 spear "Uschouque" {pierce, rPois Dex+3} (You found it in an ice cave)
 16728 | IceCv    | Identified the +5 shortbow of Wyrd {venom, MR+ MP-9 Dex+3} (You found it in an ice cave)
 17025 | D:11     | Noticed a white ugly thing
 17054 | D:11     | Killed a white ugly thing
 17054 | D:11     | Reached skill level 1 in Polearms
 17054 | D:11     | Reached skill level 1 in Armour
 17064 | D:11     | Received a gift from Trog
 17248 | D:11     | Noticed a hill giant
 17263 | D:11     | Killed a hill giant
 17378 | D:11     | Killed an unseen horror
 17548 | D:11     | Reached XP level 12. HP: 115/118 MP: 12/12
 18048 | D:10     | Received a gift from Trog
 18067 | Lair:1   | Entered Level 1 of the Lair of Beasts
 18571 | Lair:1   | Reached skill level 15 in Bows
 18583 | Lair:1   | Got a ring of the Octopus King
 18629 | Lair:1   | Identified a ring of the Octopus King {Wiz AC+1 EV+1 Str+1 Int+1 Dex+1} (You found it on level 1 of the Lair of Beasts)
 18765 | Lair:2   | Noticed a death yak
 18765 | Lair:2   | Noticed a death yak
 18765 | Lair:2   | Noticed a death yak
 18765 | Lair:2   | Noticed a death yak
 18793 | Lair:1   | Killed a death yak
 18817 | Lair:2   | Noticed a six-headed hydra
 18910 | Lair:1   | Killed a six-headed hydra
 18910 | Lair:1   | Reached **** piety under Trog
 19228 | Lair:2   | Killed a death yak
 19240 | Lair:2   | Killed a death yak
 19240 | Lair:2   | Reached skill level 5 in Polearms
 20033 | Lair:3   | Noticed a four-headed hydra
 20049 | Lair:3   | Killed a four-headed hydra
 20222 | Lair:3   | Found a staircase to the Swamp.
 20580 | Lair:4   | Received a gift from Trog
 20641 | Lair:4   | Killed a death yak
 20641 | Lair:4   | Reached skill level 16 in Bows
 20641 | Lair:4   | Reached skill level 5 in Armour
 21186 | Lair:4   | Reached XP level 13. HP: 100/125 MP: 4/13
 21527 | Lair:4   | Found a staircase to the Snake Pit.
 21948 | Lair:4   | Reached ***** piety under Trog
 23234 | Lair:6   | Entered Level 6 of the Lair of Beasts
 23277 | Lair:6   | Reached skill level 17 in Bows
 23378 | Lair:6   | Received a gift from Trog
 24131 | Lair:6   | Received a gift from Trog
 24627 | Lair:6   | Paralysed by a hornet for 1 turns
 24913 | Lair:6   | Found a staircase to the Slime Pits.
 24913 | Lair:6   | Found a viscous altar of Jiyva.
 25052 | Lair:6   | Reached XP level 14. HP: 133/133 MP: 5/14
 25353 | Lair:6   | Reached skill level 15 in Fighting
 25627 | Orc:1    | Entered Level 1 of the Orcish Mines
 26026 | Orc:2    | Entered Level 2 of the Orcish Mines
 26429 | Orc:2    | Found a staircase to the Elven Halls.
 26620 | Orc:2    | Received a gift from Trog
 26807 | Orc:1    | Noticed Harold
 26819 | Orc:1    | Killed Harold
 27494 | Orc:2    | Found Kiseniu's Antique Armour Boutique.
 27494 | Orc:2    | Found Geusomal's Food Boutique.
 27497 | Orc:2    | Found Qoseam's Antique Weapon Shoppe.
 27497 | Orc:2    | Found Wooluh's Weapon Shoppe.
 28227 | D:12     | Noticed Urug
 28248 | D:12     | Killed Urug
 28432 | D:12     | Got a pair of encrusted gloves
 28443 | D:12     | Identified the cursed +0 pair of gloves "Wah Kuarui" {*Drain MR+ Regen+ Str+2} (You found it on level 12 of the Dungeon)
 28688 | D:13     | Received a gift from Trog
 28819 | D:13     | Reached skill level 10 in Polearms
 28944 | D:13     | Found a gate to the Vaults.
 30386 | D:13     | Found a blossoming altar of Fedhas.
 30763 | D:9      | Bought jewelled steam dragon scales for 1305 gold pieces
 30763 | D:9      | Bought a heavily runed chain mail for 275 gold pieces
 30773 | D:9      | Identified the +4 steam dragon scales "Eqagug" {Dex+4 SInv Stlth+} (You bought it in a shop on level 9 of the Dungeon)
 30793 | D:9      | Identified the +0 chain mail "Linuxacs" {MP+9} (You bought it in a shop on level 9 of the Dungeon)
 30993 | D:14     | Reached XP level 15. HP: 144/144 MP: 6/15
 31170 | D:14     | Received a gift from Trog
 31300 | D:14     | Noticed Louise
 31334 | D:14     | Killed Louise
 32171 | D:15     | Entered Level 15 of the Dungeon
 32510 | D:15     | Noticed Roxanne
 33189 | D:15     | Found a staircase to the Depths.
 33763 | Swamp:1  | Entered Level 1 of the Swamp
 33774 | Swamp:1  | Reached ****** piety under Trog
 33826 | Swamp:1  | Received a gift from Trog
 34213 | Swamp:1  | Paralysed by a hornet for 3 turns
 34572 | Swamp:1  | Received a gift from Trog
 35201 | Swamp:1  | Noticed Zeloya's ghost (adept KoTm)
 35232 | Swamp:1  | Killed Zeloya's ghost
 35232 | Swamp:1  | Reached skill level 10 in Armour
 35618 | Swamp:2  | Reached skill level 18 in Bows
 36050 | Swamp:2  | Paralysed by a hornet for 3 turns
 36269 | Swamp:3  | HP: 7/161 [alligator (9)]
 36475 | Swamp:2  | Received a gift from Trog
 36785 | Swamp:3  | Reached XP level 16. HP: 155/155 MP: 16/16
 37045 | Swamp:3  | Paralysed by a hornet for 2 turns
 37050 | Swamp:3  | Paralysed by a hornet for 1 turns
 37181 | Swamp:3  | Noticed a thorn hunter
 37189 | Swamp:3  | Killed a thorn hunter
 37375 | Swamp:3  | Noticed a thorn hunter
 37394 | Swamp:3  | Killed a thorn hunter
 37704 | Swamp:3  | Noticed a thorn hunter
 37713 | Swamp:3  | Killed a thorn hunter
 37713 | Swamp:3  | Reached skill level 19 in Bows
 38282 | Swamp:4  | Entered Level 4 of the Swamp
 38292 | Swamp:4  | Received a gift from Trog
 38583 | Swamp:4  | Received a gift from Trog
 39100 | Swamp:4  | Reached skill level 20 in Bows
 39174 | Swamp:4  | Received a gift from Trog
 39333 | Swamp:4  | Got a scorched cloak
 39344 | Swamp:4  | Identified the +0 cloak "Caluhesosi" {rF+} (You found it on level 4 of the Swamp)
 39454 | Swamp:4  | Received a gift from Trog
 39600 | Swamp:4  | Got a decaying rune of Zot
 40520 | Snake:1  | Entered Level 1 of the Snake Pit
 40735 | Snake:1  | Noticed Aizul
 40754 | Snake:1  | Killed Aizul
 40754 | Snake:1  | Received a gift from Trog
 41411 | Snake:1  | Reached XP level 17. HP: 95/163 MP: 17/17
 42655 | Snake:2  | Found Hippem's Gadget Boutique.
 42656 | Snake:2  | Found Vischomn's Jewellery Emporium.
 42656 | Snake:2  | Found Codder Too's Jewellery Emporium.
 42676 | Snake:2  | Bought the ring of Hoathiom {rElec Int+5} for 883 gold pieces
 42769 | Snake:2  | Reached skill level 21 in Bows
 43612 | Snake:4  | Entered Level 4 of the Snake Pit
 43771 | Snake:4  | Received a gift from Trog
 44537 | Snake:4  | Received a gift from Trog
 44854 | Snake:4  | Received a gift from Trog
 45394 | Snake:4  | Received a gift from Trog
 45748 | Snake:4  | Got a serpentine rune of Zot
 45928 | Slime:1  | Entered Level 1 of the Pits of Slime
 46112 | Slime:1  | HP: 3/181 [large slime creature (26)]
 46113 | Slime:1  | Splashed with acid

Skill      XL: |  1  2  3  4  5  6  7  8  9 10 11 12 13 14 15 16 17 |
---------------+----------------------------------------------------+-----
Bows           | 6 7 8 9 11 12 14 16 17 18 20 21 | 21.0
Fighting       | 3 4 6 8 10 13 14 16 17 18 | 18.7
Polearms       | 2 6 8 10 11 | 11.4
Armour         | 2 5 7 9 10 11 12 | 12.3
Dodging        | |  1.3
Stealth        | |  0.4

Action                   |  1- 3 |  4- 6 |  7- 9 | 10-12 | 13-15 | 16-18 || total
-------------------------+-------+-------+-------+-------+-------+-------++-------
Melee: Short sword       |   112 |    23 |       |       |       |       ||   135
       Kick              |    27 |    25 |    46 |    68 |   167 |    86 ||   419
       Dagger            |    62 |    49 |       |       |       |       ||   111
       Hand axe          |       |    73 |   150 |   155 |       |       ||   378
       Spear             |       |       |       |    61 |   441 |   221 ||   723
       Longbow           |       |       |       |     1 |       |       ||     1
 Fire: Shortbow          |     9 |    96 |   309 |   585 |  1767 |       ||  2766
       Longbow           |       |       |       |   296 |   139 |   975 ||  1410
Throw: Stone             |     4 |    13 |       |       |       |       ||    17
Invok: Burn Spellbooks   |       |       |     2 |     2 |     3 |     2 ||     9
       Berserk           |       |       |       |     4 |     4 |     4 ||    12
Evoke: Wand              |       |       |       |       |     1 |       ||     1
  Use: Scroll            |     2 |    12 |     9 |     8 |     6 |     9 ||    46
       Potion            |       |       |     1 |     1 |     6 |     1 ||     9
  Eat: Chunk             |     2 |    26 |    15 |    20 |    28 |     2 ||    93
       Beef jerky        |       |       |       |     3 |     4 |     1 ||     8
       Pizza             |       |       |       |     1 |     2 |     2 ||     5
       Fruit             |       |       |       |       |     3 |     2 ||     5
       Royal jelly       |       |       |       |       |     1 |       ||     1
       Meat ration       |       |       |       |       |       |     4 ||     4
Armor: Leather armour    |    27 |       |       |       |       |       ||    27
       Plate armour      |   110 |   125 |   152 |   443 |   225 |       ||  1055
       Robe              |       |       |    26 |       |       |       ||    26
       Steam dragon scal |       |       |       |       |   181 |   171 ||   352
       Skin              |       |       |       |       |     6 |       ||     6
Dodge: Dodged            |    39 |    13 |    43 |    86 |   319 |   159 ||   659
